 Dungeon Crawl Stone Soup version 0.31-a0-188-g5e087ee2ca (webtiles) character file.

Game seed: 14652737446717553057

22 qw the Shooter (level 2, 0/16 HPs)
             Began as a Deep Elf Hunter on June 23, 2023.
             Killed from afar by a dart slug (1 damage)
             ... with a slug dart
             ... on level 2 of the Dungeon.
             The game lasted 00:00:13 (817 turns).

qw the Shooter (Deep Elf Hunter)                     Turns: 817, Time: 00:00:13

Health: 0/16       AC:  3    Str:  8    XL:     2   Next: 68%
Magic:  4/4        EV: 12    Int: 13    God:
Gold:   43         SH:  0    Dex: 18    Spells: 1/1 levels left

rFire   . . .        Y - +0 shortbow
rCold   . . .        (shield currently unavailable)
rNeg    . . .        c - +0 leather armour
rPois   .            (no helmet)
rElec   .            (no cloak)
rCorr   .            (no gloves)
SInv    .            (no boots)
Will    .....        (no amulet)
Stlth   ++           (no ring)
HPRegen 0.22/turn    (no ring)
MPRegen 0.09/turn

%: no passive effects
@: lethally poisoned (0 -> -5)
A: no striking features
a: no special abilities


You were on level 2 of the Dungeon.
You visited 1 branch of the dungeon, and saw 2 of its levels.

You collected 43 gold pieces.


   Skills:
 - Level 1.5 Fighting
 + Level 6.4 Ranged Weapons
 - Level 2.4 Dodging
 - Level 1.2 Stealth


You had one spell level left.
You didn't know any spells.
Your spell library was empty.

Inventory:

Hand Weapons
 Y - a +0 shortbow (weapon)
Armour
 c - a +0 leather armour (worn)
Potions
 a - a potion of lignification {unknown}
 d - a potion of heal wounds {unknown}

Dungeon Overview and Level Annotations

Branches:
Dungeon (2/15)

Altars:

Annotations:
D:2 Sigmund


Message History

You shoot an arrow. The arrow hits the bat!
You kill the bat!
A frilled lizard and a dart slug come into view.
You shoot an arrow.
The arrow hits the dart slug but does no damage.
The frilled lizard hisses angrily.
You shoot an arrow. The arrow misses the frilled lizard.
You hear a shout!
A quokka comes into view.
You hear a shout!
You shoot an arrow. The arrow hits the frilled lizard!
You kill the frilled lizard!
You hear a shout!
You shoot an arrow. The arrow hits the dart slug.
The dart slug is moderately wounded.
You shoot an arrow. The arrow hits the dart slug.
The dart slug is heavily wounded.
Sigmund the Dreaded comes into view.
He is wielding a +1 scythe of venom.
The dart slug launches a dart at you. The slug dart misses you.
You shoot an arrow. The arrow hits Sigmund!
Sigmund is moderately wounded.
Sigmund hits you from afar with a +1 scythe of venom.
You are poisoned.
You shoot an arrow. The arrow hits Sigmund.
Sigmund is heavily wounded.
You feel very sick. The dart slug launches a dart at you.
The slug dart hits you. Sigmund closely misses you. The quokka bites you.
You shoot an arrow. The arrow hits the quokka!
You kill the quokka!
You feel very sick.
You hear a shout!
Sigmund barely misses you.
You shoot an arrow. The arrow hits Sigmund.
Sigmund is severely wounded.
You feel sick. The dart slug launches a dart at you. The slug dart hits you.
You die...

... #.##..#..# #
#.###<...<...#.# .
#..#...........# ..
#......##..#### ...
##....####..#### ....
#..##...##.....#
....w#.###.#.....#.##
........##.##......#
......%@...#.......#
#...#@#####........#
# # #.....>..#
#.#.....## #.#.....#
......... #. ... .
...


You could see Sigmund and a dart slug.

Vanquished Creatures
  2 dart slugs (D:1)
  3 goblins (D:1)
  A hobgoblin (D:1)
  A kobold (D:1)
  A quokka (D:2)
  2 ball pythons (D:1)
  3 bats
  4 frilled lizards
  2 rats (D:1)
19 creatures vanquished.

Notes
Turn   | Place    | Note
-------+----------+-------------------------------------------
     0 | D:1      | qw the Deep Elf Hunter began the quest for the Orb.
     0 | D:1      | Reached XP level 1. HP: 12/12 MP: 3/3
     0 | D:1      | 0 ||| qw: Version: 0.3-a-9-g12657ce
     0 | D:1      | 0 ||| qw: Game counter: 3423
     0 | D:1      | 0 ||| qw: Always use a shield: true
     0 | D:1      | 0 ||| qw: God list: Okawaru
     0 | D:1      | 0 ||| qw: Allow faded altars: false
     0 | D:1      | 0 ||| qw: Do Orc after D:15 true
     0 | D:1      | 0 ||| qw: Do second Lair branch before Depths: true
     0 | D:1      | 0 ||| qw: Lair rune preference: random
     0 | D:1      | 0 ||| qw: Plans: Normal
     0 | D:1      | 0 ||| PLANNING D:1-11
   329 | D:1      | Reached skill level 6 in Ranged Weapons
   329 | D:1      | Reached XP level 2. HP: 16/16 MP: 4/4
   755 | D:1      | 755 ||| READING scroll labelled QANETAU GYKOI.
   759 | D:1      | 759 ||| DROPPING scroll of butterflies.
   813 | D:2      | Noticed Sigmund
   816 | D:2      | HP: 2/16 [poisoned by Sigmund]
   817 | D:2      | Killed from afar by a dart slug

Levels and vault maps discovered:
D:1:      erik_arrival_cave_to_civilisation [erik_arrival_cave_to_hall],
          layout_loops_ring, hangedman_decor_diamond_cutter
D:2:      layout_rooms, kennysheep_decorative_pillar, uniq_sigmund

Skill      XL: |  1 |
---------------+----+-----
Ranged Weapons | 6 |  6.4
Fighting       | |  1.5
Dodging        | |  2.4
Stealth        | |  1.2

Action                     || total
---------------------------++-------
   Fire: Shortbow          ||    50
    Use: Scroll            ||     1
 Armour: Leather armour    ||     3
  Dodge: Dodged            ||    10

Table legend:
 A = Non-vault XP
 B = Vault XP
 C = Vault XP percentage of total XP
 D = Non-vault monster count
 E = Vault monster count
 F = Vault count percentage of total count
                 A         B        C        D         E       F
            +---------+---------+-------+---------+---------+-------
      Total |      29 |       3 |   9.4 |      17 |       2 |  10.5
            +---------+---------+-------+---------+---------+-------
        D:1 |      22 |       3 |  12.0 |      13 |       2 |  13.3
        D:2 |       7 |       0 |   0.0 |       4 |       0 |   0.0
            +---------+---------+-------+---------+---------+-------
